 Dungeon Crawl Stone Soup version 0.29.0-13-gc9e81de378 (webtiles) character file.

Game seed: 2028801455298903192

193 Crumplecorn the Chiller (level 5, -1/21 HPs)
             Began as a Felid Ice Elementalist on Sept 7, 2022.
             Killed from afar by Grinder (6 damage)
             ... with a bolt of dispelling energy
             ... on level 3 of the Dungeon.
             The game lasted 00:37:34 (3577 turns).

Crumplecorn the Chiller (Felid Ice Elementalist)    Turns: 3577, Time: 00:37:35

Health: -1/21      AC:  1    Str:  4    XL:     5   Next: 43%
Magic:  1/11       EV: 33    Int: 19    God:
Gold:   152        SH:  0    Dex: 16    Spells: 7/11 levels left
                                        Lives:  0   Deaths: 1

rFire   . . .      SeeInvis +     - Unarmed
rCold   . . .      Faith    .   (shield unavailable)
rNeg    . . .      Spirit   .   (body armour unavailable)
rPois   .          Reflect  .   (helmet unavailable)
rElec   .          Harm     .   (cloak unavailable)
rCorr   .          Rampage  .   (gloves unavailable)
Will    .....                   (boots unavailable)
Stlth   +++.......              e - amulet of the acrobat
HPRegen 0.07/turn               (no ring)
MPRegen 0.12/turn               (no ring)

@: acrobatic, quick
A: very small, claws 1, fangs 3, see invisible, speed 1, shaggy fur 1, stealthy
paws, no weapons or thrown items, no armour, multi-lived
a: no special abilities


You were on level 3 of the Dungeon.
You visited 1 branch of the dungeon, and saw 4 of its levels.

You collected 152 gold pieces.

Inventory:

Jewellery
 e - an amulet of the acrobat (around neck)
 m - an amulet of guardian spirit
 n - a ring of poison resistance
Scrolls
 d - a scroll of noise {unknown}
 f - 2 scrolls of enchant weapon {unknown}
 h - 3 scrolls of identify {unknown}
 o - a scroll of blinking {unknown}
Potions
 b - a potion of might {unknown}
 c - 2 potions of brilliance {unknown}
 g - 2 potions of attraction {unknown}
 i - a potion of degeneration {unknown}
 j - a potion of haste {unknown}
 k - a potion of heal wounds {unknown}
 l - 2 potions of curing {unknown}
 p - a potion of lignification {unknown}


   Skills:
 + Level 0.1 Fighting
 + Level 3.6 Dodging
 + Level 3.5 Stealth
 + Level 1.5 Unarmed Combat
 + Level 3.8 Spellcasting
 + Level 4.7 Ice Magic


You had 7 spell levels left.
You knew the following spells:

 Your Spells              Type           Power      Damage    Failure   Level
a - Freeze                Ice            84%        1d10      1%          1
b - Ozocubu's Armour      Ice            21%        N/A       6%          3

Your spell library contained the following spells:

 Spells                   Type           Power      Damage    Failure   Level
 Frozen Ramparts          Ice            42%        1d7       6%          3
 Summon Small Mammal      Summ           12%        N/A       14%         1
 Poisonous Vapours        Pois/Air       6%         N/A       22%         2
 Call Canine Familiar     Summ           3%         N/A       38%         3
 Stone Arrow              Conj/Erth      6%         3d7       38%         3
 Summon Guardian Golem    Hex/Summ       3%         N/A       38%         3
 Hailstorm                Conj/Ice       12%        3d5       47%         4
 Corpse Rot               Necr/Pois/Air  3%         N/A       80%         4
 Leda's Liquefaction      Hex/Erth       1%         N/A       80%         4
 Lehudib's Crystal Spear  Conj/Erth      1%         10d2      100%        8
 Portal Projectile        Hex/Tloc       Unusable   N/A       N/A         3
 Animate Armour           Summ/Erth      Unusable   N/A       N/A         4

Dungeon Overview and Level Annotations

Branches:
Dungeon (4/15)
 Temple: D:4-7

Altars:

Annotations:
D:3 Grinder


Innate Abilities, Weirdness & Mutations

You have sharp claws.
You have razor-sharp teeth.
You have supernaturally acute eyesight. (SInv)
You cover ground quickly. (Speed+)
You are covered in fur. (AC +1)
Your paws help you pounce on unaware monsters.
You are incapable of wielding weapons or throwing items.
You cannot wear armour.
You gain extra lives every three experience levels.


Message History

A ball python comes into view.
Casting: Ozocubu's Armour (quite dangerous; 6% risk of failure)
Confirm with . or Enter, or press ? or * to list all spells.
The spell is quite dangerous to miscast (6% risk of failure)!
Continue anyway?
A film of ice covers your body!
The ball python hisses angrily.
The gnoll hits you with a +0 spear.
Casting: Ozocubu's Armour (quite dangerous; 6% risk of failure)
Confirm with . or Enter, or press ? or * to list all spells.
Aiming: Freeze (safe; 1% risk of failure)
Press: ? - help, Shift-Dir - straight line, f - gnoll
Aim: a gnoll, wielding a +0 spear You freeze the gnoll!
The gnoll is severely wounded.
The gnoll closely misses you.
Casting: Freeze (safe; 1% risk of failure)
Confirm with . or Enter, or press ? or * to list all spells.
Aiming: Freeze (safe; 1% risk of failure)
Press: ? - help, Shift-Dir - straight line, f/p - gnoll
Aim: a gnoll, wielding a +0 spear (severely wounded)
You freeze the gnoll.
The gnoll is severely wounded.
Grinder shouts!
You hear a shout!
The gnoll hits you with a +0 spear.
You completely miss the gnoll. You bite the gnoll, but do no damage.
The gnoll is severely wounded.
The walls and floor vibrate strangely for a moment.
Grinder blinks!
The gnoll barely misses you.
You scratch the gnoll. You bite the gnoll, but do no damage.
The gnoll is severely wounded.
The gnoll closely misses you.
Your icy armour will break if you move.
Continue?
Your icy armour cracks and falls away as you move.
The gnoll hits you from afar with a +0 spear!
* * * LOW HITPOINT WARNING * * *
Grinder says, "Tell me all your secrets, or I'll kill you."
Grinder zaps a wand.
The bolt of dispelling energy misses you.
Grinder zaps a wand.
The bolt of dispelling energy hits you.
You die...

##### ###'..# ...##.#
##########
...##.#######........#
...#........#........#
≈≈≈#.................#
####.................#
....###............###
..............S.@..)>#
...................#.#
...................#.#
...................#.#
####........g......#.#
####...............#.#
.........5...........#
#.......#.........##.#
#.......#.........# .#


You could see Grinder, a gnoll and a ball python.

Vanquished Creatures
  A water moccasin (D:3)
  Terence (D:3)
  2 gnolls
  4 adders (D:2)
  A worm (D:3)
  10 ball pythons
  7 bats
  An endoplasm (D:2)
  3 giant cockroaches
  2 goblins (D:1)
  5 hobgoblins
  5 jackals (D:1)
  5 kobolds
  2 quokkas
  3 frilled lizards
  5 rats
57 creatures vanquished.

Notes
Turn   | Place    | Note
-------+----------+-------------------------------------------
     0 | D:1      | Crumplecorn the Felid Ice Elementalist began the quest for
                  | the Orb.
     0 | D:1      | Reached XP level 1. HP: 7/7 MP: 4/4
   495 | D:1      | Reached XP level 2. HP: 3/11 MP: 3/6
   888 | D:1      | Reached skill level 4 in Ice Magic
   937 | D:1      | Found a faded altar of an unknown god.
  1465 | D:1      | Reached XP level 3. HP: 11/14 MP: 5/7
  1712 | D:1      | Learned a level 3 spell: Ozocubu's Armour
  2136 | D:2      | Reached skill level 1 in Unarmed Combat
  2354 | D:2      | Reached XP level 4. HP: 18/18 MP: 7/9
  2807 | D:3      | Noticed a water moccasin
  2822 | D:3      | Succumbed to a water moccasin's poison
  2823 | D:3      | Reached XP level 3. HP: 0/14 MP: 3/8
  2975 | D:3      | Killed a water moccasin
  2976 | D:3      | Reached XP level 4. HP: 15/18 MP: 1/10
  2976 | D:3      | Reached XP level 5. HP: 18/21 MP: 1/11
  3107 | D:3      | Noticed Terence
  3151 | D:3      | Killed Terence
  3205 | D:3      | Noticed Grinder
  3577 | D:3      | Killed from afar by Grinder

Illustrated notes

Levels and vault maps discovered:
D:1:      saegor_arrival_simple_c, layout_basic,
          hellmonk_ecumenical_altar_zigzags
D:2:      minmay_evil_eye, layout_basic
D:3:      layout_basic, portal_sewer_entry_d, chequers_serial_rivers_room_a,
          uniq_terence, uniq_ijyb, uniq_grinder
D:4:      layout_loops_cross, mainiacjoe_overflow_big_doors,
          chequers_serial_rivers_micro_b, uniq_robin

Skill      XL: |  1  2  3 |
---------------+----------+-----
Ice Magic      | 4 |  4.7
Dodging        | 3 |  3.6
Stealth        | 3 |  3.5
Unarmed Combat | 1 |  1.5
Spellcasting   | 3 |  3.8
Fighting       | |  0.1

Action                   |  1- 3 |  4- 6 || total
-------------------------+-------+-------++-------
Melee: Unarmed           |   101 |    24 ||   125
       Bite              |     7 |     5 ||    12
       Punch             |       |     1 ||     1
 Cast: Freeze            |    38 |    29 ||    67
       Ozocubu's Armour  |     6 |     8 ||    14
  Use: Potion            |       |     1 ||     1
 Stab: Sleeping          |     5 |     2 ||     7
Armor: Skin              |    21 |     6 ||    27
Dodge: Dodged            |   141 |    47 ||   188
